 Dungeon Crawl Stone Soup version 0.27.1-33-g824d729ab1 (webtiles) character file.

Game seed: 5659978876967049294

329 jlumianski the Skirmisher (level 6, -1/38 HPs)
             Began as a Gargoyle Monk on Dec 10, 2021.
             Was a Believer of Wu Jian.
             Killed from afar by an orc wizard (3 damage)
             ... with a magic dart
             ... on level 4 of the Dungeon.
             The game lasted 00:19:24 (4378 turns).

jlumianski the Skirmisher (Gargoyle Monk)           Turns: 4378, Time: 00:19:24

Health: -1/38      AC:  7    Str: 16    XL:     6   Next: 50%
Magic:  7/7        EV: 12    Int: 17    God:    Wu Jian [**....]
Gold:   149        SH:  0    Dex: 12    Spells: 4/7 levels left

rFire    . . .     SeeInvis .   a - +0 hand axe (flame)
rCold    . . .     Faith    .   (no shield)
rNeg     + . .     Spirit   .   n - +0 leather armour
rPois    ∞         Reflect  .   (no helmet)
rElec    +         Harm     .   m - scarf {shadows}
rCorr    .         Rampage  .   (no gloves)
Will     .....                  (no boots)
Stlth    +.........             (no amulet)
HPRegen  0.12/turn              k - +6 ring of intelligence
MPRegen  0.10/turn              r - ring of wizardry

@: confused, very slightly contaminated, invisible
A: sickness immunity, AC +4, negative energy resistance 1, electricity
resistance, torment resistance 1, petrification resistance
a: Renounce Religion, Wall Jump


You were on level 4 of the Dungeon.
You worshipped Wu Jian.
Wu Jian was pleased with you.
You visited 2 branches of the dungeon, and saw 7 of its levels.

You collected 149 gold pieces.

Inventory:

Hand Weapons
 a - a +0 hand axe of flaming (weapon)
 w - a +0 hunting sling
Missiles
 c - 160 stones
 i - a javelin (quivered)
 j - 24 bolts
 x - 28 poisoned darts
 A - 4 boomerangs
Armour
 b - a +0 robe
 e - a +0 plate armour
 l - a +0 scale mail
 m - a scarf of shadows (worn)
 n - a +0 leather armour (worn)
 o - a +0 ring mail
Jewellery
 k - a +6 ring of intelligence (left hand)
 r - a ring of wizardry (right hand)
 z - a ring of fire
 B - a ring of willpower
Wands
 p - a wand of acid (4)
 D - a wand of flame (13)
Scrolls
 g - 3 scrolls of blinking
 h - a scroll of fear
 q - a scroll of immolation
 s - a scroll of brand weapon
 u - 2 scrolls of teleportation {unknown}
 v - a scroll of amnesia
 y - a scroll of magic mapping {unknown}
Potions
 d - a potion of degeneration
 t - 2 potions of brilliance {unknown}


   Skills:
 + Level 4.0 Fighting
 + Level 3.9 Axes
 + Level 1.6 Armour
 + Level 3.2 Dodging
 + Level 2.7 Stealth
 + Level 1.2 Spellcasting
 + Level 0.4 Transmutations
 + Level 0.1 Air Magic
 * Level 2.6 Poison Magic


You had 4 spell levels left.
You knew the following spells:

 Your Spells              Type           Power      Damage    Failure   Level
a - Sting                 Tmut/Pois      24%        1d4       6%          1
b - Poisonous Vapours     Pois/Air       10%        N/A       9%          2

Your spell library contained the following spells:

 Spells                   Type           Power      Damage    Failure   Level
 Olgreb's Toxic Radiance  Pois           10%        N/A       32%         4


Dungeon Overview and Level Annotations

Branches:
Dungeon (6/15)             Temple (1/1) D:5

Altars:
Ashenzari
Cheibriados
Dithmenos
Elyvilon
Fedhas
Gozag
Hepliaklqana
Kikubaaqudgha
Nemelex Xobeh
Okawaru
Qazlal
Ru
Sif Muna
Trog
Uskayaw
Vehumet
Wu Jian
Xom
Yredelemnul
Zin
The Shining One


Innate Abilities, Weirdness & Mutations

You are immune to sickness and miasma.
Your stone body is resilient. (AC +4)
You are immune to poison.
You resist negative energy. (rN+)
You are resistant to electric shocks. (rElec)
You are resistant to unholy torment.
You are immune to petrification.


Message History

A magic dart appears from out of thin air!
The magic dart hits you!
You closely miss something. Something hits you.
You barely miss something. Something hits you but does no damage.
You closely miss something. Something hits you but does no damage.
You hit something but do no damage. Something hits you but does no damage.
You hear some strange, mumbled words.
You are confused.
You're too confused to move!
Something hits you but does no damage.
You completely miss something. Something hits you.
You're too confused to move!
Something hits you but does no damage.
You hit something. You burn something. Something hits you.
* * * LOW HITPOINT WARNING * * *
You closely miss something. Something hits you but does no damage.
You hear some strange, mumbled words.
You are more confused.
You are too confused!
Something hits you.
* * * LOW HITPOINT WARNING * * *
You're too confused to move!
Something hits you but does no damage.
You closely miss something.
You hear some strange, mumbled words.
A puff of flame appears from out of thin air!
The puff of flame hits you!
* * * LOW HITPOINT WARNING * * *
You fade into invisibility!
You hear some strange, mumbled words.
A puff of flame appears from out of thin air!
The puff of flame misses you.
You are very lightly contaminated with residual magic.
You feel less confused.
You hear some strange, mumbled words.
Something tries to affect you, but you resist.
You hear some strange, mumbled words.
You are confused.
You bump into the rock wall.
You hear some strange, mumbled words.
A magic dart appears from out of thin air!
The magic dart hits you.
You die...

##.##.# #.#
#####...#.######.#
#................#
#.#.......#####..##
#.##.....## #....
#####.##..?.##
##.## ......#)....#
#.# ..$...){....##
#.#
..>...@.........
..#
########...#####
### #####


There were no monsters in sight!

Vanquished Creatures
  An orc priest (D:4)
  4 hounds
  A jelly (D:5)
  4 adders
  A shadow imp (D:5)
  2 white imps
  3 dart slugs
  4 worms
  6 orcs
  8 ball pythons
  4 endoplasms
  3 giant cockroaches
  4 goblins
  7 hobgoblins
  4 jackals (D:4)
  4 kobolds
  6 quokkas
  6 bats
  3 frilled lizards
  2 rats
77 creatures vanquished.

Vanquished Creatures (others)
  2 plants (D:1)
2 creatures vanquished.

Grand Total: 79 creatures vanquished

Notes
Turn   | Place    | Note
-------+----------+-------------------------------------------
     0 | D:1      | jlumianski the Gargoyle Monk began the quest for the Orb.
     0 | D:1      | Reached XP level 1. HP: 14/14 MP: 1/1
   110 | D:1      | Reached XP level 2. HP: 19/19 MP: 2/2
   150 | D:1      | Learned a level 1 spell: Sting
   335 | D:1      | Found a faded altar of an unknown god.
   710 | D:1      | Reached XP level 3. HP: 20/23 MP: 3/3
  1544 | D:2      | Reached skill level 1 in Poison Magic
  1663 | D:2      | Found a basalt altar of Yredelemnul.
  1775 | D:2      | Reached XP level 4. HP: 10/29 MP: 1/4
  2165 | D:2      | Learned a level 2 spell: Poisonous Vapours
  2570 | D:5      | Entered Level 5 of the Dungeon
  2588 | D:5      | Found a staircase to the Ecumenical Temple.
  2596 | Temple   | Entered the Ecumenical Temple
  2653 | Temple   | Became a worshipper of the Wu Jian Council
  2653 | Temple   | Reached * piety under Wu Jian
  2653 | Temple   | Reached ** piety under Wu Jian
  2850 | D:6      | Reached XP level 5. HP: 24/33 MP: 1/5
  2979 | D:5      | Reached skill level 1 in Spellcasting
  3147 | D:3      | Reached skill level 1 in Armour
  3293 | D:3      | You fall into a shaft and drop 2 floors!
  3367 | D:4      | Reached XP level 6. HP: 38/38 MP: 5/7
  3765 | D:4      | Reached skill level 4 in Fighting
  4378 | D:4      | Killed from afar by an orc wizard

Illustrated notes

Levels and vault maps discovered:
D:1:      amcnicky_arrival_underground_garden, layout_basic,
          shapermc_ecumenical_altar_rom_forum, serial_bayou_pond_d
D:2:      layout_rooms, basic_altar
D:3:      layout_basic
D:4:      layout_loops_ring, kennysheep_nub, grunt_decor_resistance,
          fountainhead, uniq_menkaure
D:5:      layout_basic, minmay_temple_entry_poolview, serial_shops, shop
D:6:      layout_gridville
Temple:   kilobyte_greek_temple

Skill      XL: |  1  2  3  4  5  6 |
---------------+-------------------+-----
Axes           | 3 |  3.9
Poison Magic   | 1 2 |  2.6
Spellcasting   | 1 |  1.2
Armour         | 1 |  1.6
Dodging        | 3 |  3.2
Fighting       | 4 |  4.0
Stealth        | |  2.7
Transmutations | |  0.4
Air Magic      | |  0.1

Action                   |  1- 3 |  4- 6 || total
-------------------------+-------+-------++-------
Melee: Hand axe          |   116 |   155 ||   271
Throw: Javelin           |     2 |     1 ||     3
 Cast: Sting             |    10 |     9 ||    19
       Poisonous Vapours |       |     7 ||     7
Invok: Lunge             |       |    13 ||    13
       Whirlwind         |       |     7 ||     7
 Abil: Wall Jump         |       |     3 ||     3
  Use: Potion            |     1 |     1 ||     2
       Scroll            |     6 |     2 ||     8
 Stab: Sleeping          |       |     2 ||     2
Armor: Robe              |    42 |       ||    42
       Leather armour    |    19 |    72 ||    91
Dodge: Dodged            |   137 |    98 ||   235
